 Dungeon Crawl Stone Soup version 0.25-a0-292-gaa31f046c4 (webtiles) character file.

Game seed: 1884466032732114108, levelgen mode: deterministic

1051 CheeseeCupcake the Cudgeler (level 8, -20/49 HPs)
             Began as a Gargoyle Fighter on Dec 15, 2019.
             Was an Initiate of Gozag.
             Demolished by a white ugly thing (30 damage)
             ... on level 5 of the Dungeon.
             The game lasted 00:22:17 (5418 turns).

CheeseeCupcake the Cudgeler (Gargoyle Fighter)      Turns: 5418, Time: 00:22:19

Health: -20/49     AC: 15    Str: 26    XL:     8   Next: 26%
Magic:  8/8        EV:  8    Int: 10    God:    Gozag
Gold:   1          SH: 17    Dex:  9    Spells: 7/7 levels left

rFire    + . .     SeeInvis .   a - +0 flail
rCold    . . .     Gourm    .   c - +0 shield
rNeg     + . .     Faith    .   b - +0 scale mail
rPois    ∞         Spirit   .   v - +0 helmet
rElec    +         Reflect  +   (no cloak)
rCorr    .         Harm     .   e - +0 pair of gloves
MR       .....                  x - +0 pair of boots
Stlth    ..........             t - +6 amulet of reflection
HPRegen  0.16/turn              u - ring of protection from fire
MPRegen  0.11/turn              (no ring)

@: mighty
A: negative energy resistance 1, electricity resistance, unbreathing,
petrification resistance, rot immunity, AC +5
a: Potion Petition, Call Merchant, Bribe Branch, Renounce Religion


You were on level 5 of the Dungeon.
You worshipped Gozag.
Gozag was noncommittal.
You were not hungry.

You visited 2 branches of the dungeon, and saw 7 of its levels.

You collected 544 gold pieces.
You spent 484 gold pieces at shops.
You paid 59 gold pieces to Gozag.

Inventory:

Hand Weapons
 a - a +0 flail (weapon)
Missiles
 s - 167 stones (quivered)
Armour
 b - a +0 scale mail (worn)
 c - a +0 shield (worn)
 e - a +0 pair of gloves (worn)
 v - a +0 helmet (worn)
 x - a +0 pair of boots (worn)
 F - the +5 ring mail of the Volcano {Str+4 Int+6 Dex-4, unknown}
   (You found it on level 5 of the Dungeon)

   It affects your strength (+4).
   It affects your intelligence (+6).
   It affects your dexterity (-4).
Jewellery
 t - a +6 amulet of reflection (around neck)
 u - a ring of protection from fire (left hand)
 B - an uncursed amulet of magic regeneration {unknown}
 H - an uncursed ring of see invisible
Wands
 y - a wand of random effects (15)
 C - a wand of iceblast (6)
 I - a wand of acid (11)
Scrolls
 g - a scroll of magic mapping {unknown}
 j - 6 scrolls of identify
 k - 2 scrolls of teleportation {unknown}
 l - 2 scrolls of fear {unknown}
 n - a scroll of fog {unknown}
 p - a scroll of noise {unknown}
 z - 4 scrolls of remove curse
 D - a scroll of immolation {unknown}
Potions
 d - 2 potions of might
 h - 3 potions of curing
 i - 2 potions of flight {unknown}
 m - 3 potions of haste {unknown}
 o - a potion of berserk rage {unknown}
 q - a potion of resistance {unknown}
 r - 2 potions of lignification {unknown}
 w - 2 potions of agility
 A - a potion of degeneration {unknown}
 E - 2 potions of heal wounds
 G - a potion of mutation {unknown}
Comestibles
 f - 7 rations


   Skills:
 - Level 5.0 Fighting
 * Level 7.4 Maces & Flails
 - Level 3.2 Armour
 + Level 6.4 Shields


You had 7 spell levels left.
You didn't know any spells.
Your spell library was empty.

Dungeon Overview and Level Annotations

Branches:
Dungeon (6/15)             Temple (1/1) D:4

Altars:
Ashenzari
Dithmenos
Elyvilon
Fedhas
Gozag
Nemelex Xobeh
Okawaru
Ru
Sif Muna
Trog
Uskayaw
Xom
Yredelemnul

Shops:
D:4 [!*[

Annotations:
D:2 1 runed translucent door, Crazy Yiuf
D:3 3 runed translucent doors, exclusion: 3 doors, Nagy's ghost, amateur VSEn


Innate Abilities, Weirdness & Mutations

You are resistant to torment.
Your stone body is resilient. (AC +5)
You are immune to poison.
You resist negative energy. (rN+)
You are resistant to electric shocks. (rElec)
You can survive without breathing.
You are immune to petrification.
You are immune to rotting.


Message History

Ouch! That really hurt!
* * * LOW HITPOINT WARNING * * *
You sock the white ugly thing!
The white ugly thing is moderately wounded.
You feel yourself slow down.
You block the white ugly thing's attack.
There is a stone staircase leading down here.
The white ugly thing closely misses you.
You feel a little less agile now.
The white ugly thing closely misses you.
You block the white ugly thing's attack.
You block the white ugly thing's attack.
The white ugly thing closely misses you.
You feel very mighty all of a sudden. The white ugly thing bites you.
* * * LOW HITPOINT WARNING * * *
The white ugly thing freezes you!!
Ouch! That really hurt!
You die...
Your body crumbles into a pile of gold.

#...........# #........
#...........# #........
##.##########
####........
#.############..........#
#>.......................
#.####....####..........#
#.# #....####..........#
#.######....###.........#
#....# #@...###...#.#####
####.# #u...........# #
#.###....##...#### #
#........##...# #
#........##...# #
##.......##...# ######
#.......##...# #.....
#.......##...# #.....
#)..[...###### #.....


You could see a white ugly thing.

Vanquished Creatures
  A phantom (D:4)
  3 centaurs (D:5)
  2 crimson imps (D:5)
  A centaur zombie (D:5)
  A bullfrog skeleton (D:5)
  An orc priest (D:5)
  4 orc wizards
  An iguana (D:4)
  Terence (D:3)
  5 worker ants
  Robin (D:3)
  A worker ant zombie (D:5)
  9 adders
  4 gnolls (D:5)
  A shadow imp (D:5)
  3 worms
  A dart slug (D:2)
  3 leopard geckos
  22 orcs
  A ball python (D:2)
  4 giant cockroaches
  20 goblins
  10 hobgoblins
  3 jackals (D:3)
  4 quokkas
  10 bats
  7 frilled lizards
  5 kobolds
  3 rats
132 creatures vanquished.

Notes
Turn   | Place    | Note
-------+----------+-------------------------------------------
     0 | D:1      | CheeseeCupcake the Gargoyle Fighter began the quest for the
                  | Orb.
     0 | D:1      | Reached XP level 1. HP: 14/14 MP: 1/1
   283 | D:1      | Reached XP level 2. HP: 19/19 MP: 2/2
   891 | D:1      | Reached XP level 3. HP: 23/23 MP: 3/3
  1236 | D:2      | Reached skill level 3 in Maces & Flails
  1312 | D:2      | Found a runed translucent door.
  1313 | D:2      | Noticed Crazy Yiuf
  1480 | D:2      | Reached XP level 4. HP: 15/29 MP: 4/4
  2198 | D:3      | Reached XP level 5. HP: 33/33 MP: 5/5
  2206 | D:3      | Found a runed translucent gate.
  2208 | D:3      | Found a runed translucent gate.
  2210 | D:3      | Found a runed translucent gate.
  2210 | D:3      | Noticed Nagy's ghost (amateur VSEn)
  2392 | D:3      | Noticed Terence
  2408 | D:3      | Killed Terence
  2408 | D:3      | Reached skill level 4 in Maces & Flails
  2430 | D:3      | Noticed Robin
  2470 | D:3      | Killed Robin
  2755 | D:3      | Reached XP level 6. HP: 24/39 MP: 6/6
  3137 | D:4      | Found a staircase to the Ecumenical Temple.
  3146 | Temple   | Entered the Ecumenical Temple
  3224 | Temple   | Became a worshipper of Gozag Ym Sagoz the Greedy
  3550 | D:4      | Found Ypiymp's General Store.
  3553 | D:4      | Noticed a phantom
  3605 | D:4      | Killed a phantom
  3605 | D:4      | Reached skill level 5 in Maces & Flails
  3715 | D:4      | Bought a scroll of remove curse for 33 gold pieces
  3715 | D:4      | Bought a scroll of identify for 22 gold pieces
  3715 | D:4      | Bought a potion of curing for 33 gold pieces
  3734 | D:4      | Found Neallo Fuci's Antique Armour Shoppe.
  3734 | D:4      | Found Lumaleix's Distillery.
  3837 | D:4      | Found a white marble altar of Elyvilon.
  3856 | D:4      | Reached skill level 5 in Fighting
  3856 | D:4      | Reached skill level 5 in Shields
  3861 | D:4      | Reached XP level 7. HP: 44/44 MP: 7/7
  4202 | D:4      | Found Heloatre's Armour Boutique.
  4267 | D:4      | Found a basalt altar of Yredelemnul.
  4267 | D:4      | Found a hide-covered altar of Uskayaw.
  4370 | D:5      | Entered Level 5 of the Dungeon
  4412 | D:5      | Reached skill level 6 in Maces & Flails
  4740 | D:5      | Reached XP level 8. HP: 46/49 MP: 8/8
  4803 | D:5      | Reached skill level 7 in Maces & Flails
  5023 | D:5      | Got a pitted ring mail
  5179 | D:4      | Bought a ration for 55 gold pieces
  5179 | D:4      | Bought a ration for 55 gold pieces
  5179 | D:4      | Bought an uncursed ring of see invisible for 165 gold
                  | pieces
  5179 | D:4      | Bought a scroll of identify for 22 gold pieces
  5199 | D:4      | Bought a potion of heal wounds for 55 gold pieces
  5199 | D:4      | Bought a potion of agility for 44 gold pieces
  5287 | D:6      | Found a shadowy altar of Dithmenos.
  5294 | D:6      | Noticed a white ugly thing
  5418 | D:5      | Demolished by a white ugly thing

Levels and vault maps discovered:
D:1:      dpeg_arrival_central, layout_rooms, minmay_distorted
D:2:      layout_basic, first_ration, minmay_misc_feat_tiny,
          uniq_crazy_yiuf_cottage
D:3:      layout_loops_ring, gammafunk_ghost_split, uniq_terence, uniq_robin
D:4:      layout_basic, elyvilon_altar_5, gammafunk_temple_overflow_elements,
          minmay_temple_entry_drinking_statues, serial_shops, shop,
          nicolae_shop_statue_plus, shop, shop
D:5:      layout_basic
D:6:      layout_rooms, grunt_dithmenos_smoke_and_mirrors, serial_shops, shop,
          nicolae_shop_competitors_out_of_business, nicolae_shop_trees,
          minmay_circle_x
Temple:   dpeg_five_rooms_temple

Skill      XL: |  1  2  3  4  5  6  7  8 |
---------------+-------------------------+-----
Maces & Flails | 3 4 5 6 7 |  7.4
Fighting       | 4 5 |  5.0
Shields        | 4 5 6 |  6.4
Armour         | |  3.2

Action                   |  1- 3 |  4- 6 |  7- 9 || total
-------------------------+-------+-------+-------++-------
Melee: Flail             |   156 |   313 |   221 ||   690
Invok: Potion Petition   |       |       |     1 ||     1
  Use: Scroll            |       |     2 |       ||     2
       Potion            |       |       |     1 ||     1
 Stab: Distracted        |       |       |     1 ||     1
  Eat: Chunk             |     2 |     6 |       ||     8
       Ration            |       |     1 |     2 ||     3
Armor: Scale mail        |    97 |   159 |    73 ||   329
Dodge: Dodged            |    68 |    93 |    35 ||   196
Block: Shield            |    84 |   171 |   191 ||   446
       Reflection        |       |     5 |     7 ||    12

Table legend:
 A = Non-vault XP
 B = Vault XP
 C = Vault XP percentage of total XP
 D = Non-vault monster count
 E = Vault monster count
 F = Vault count percentage of total count
                 A         B        C        D         E       F
            +---------+---------+-------+---------+---------+-------
      Total |    1426 |      76 |   5.1 |     117 |      15 |  11.4
            +---------+---------+-------+---------+---------+-------
        D:1 |      32 |       3 |   8.6 |      19 |       2 |   9.5
        D:2 |      75 |       0 |   0.0 |      21 |       0 |   0.0
        D:3 |     180 |      73 |  28.9 |      30 |      13 |  30.2
        D:4 |     316 |       0 |   0.0 |      14 |       0 |   0.0
        D:5 |     820 |       0 |   0.0 |      32 |       0 |   0.0
        D:6 |       3 |       0 |   0.0 |       1 |       0 |   0.0
            +---------+---------+-------+---------+---------+-------
